 Dungeon Crawl Stone Soup version bcrawl-1.21.3 (webtiles) character file.

Game seed: 6327253235247970009

0 Flugslaktarn the Sneak (level 1, -1/12 HPs)
             Began as a Skeleton Archaeologist on Mar 30, 2020.
             Slain by a worm (10 damage)
             ... on level 1 of the Dungeon.
             The game lasted 00:00:01 (20 turns).

Flugslaktarn the Sneak (Skeleton Archaeologist)       Turns: 20, Time: 00:00:01

Health: -1/12      AC:  6    Str: 17    XL:     1   Next: 0%
Magic:  0/1        EV: 12    Int: 12    God:
Gold:   0          SH:  0    Dex:  7    Spells: 0/0 levels left

rFire    . . .     SeeInvis .   a - +0 whip
rCold    + . .     Gourm    .   (no shield)
rNeg     + + +     Faith    .   b - +1 robe
rPois    ∞         Spirit   +   c - +1 hat
rElec    .         Reflect  .   (no cloak)
rCorr    .         Harm     .   (no gloves)
MR       .....                  d - +1 pair of boots
Stlth    ++........             (no amulet)
HPRegen  0.04/turn              (no ring)
MPRegen  0.07/turn              (no ring)

@: no status effects
A: no food or potions, cold resistance 1, deterioration 1, negative energy
resistance 3, torment resistance, unbreathing, magic shield, sturdy frame 1,
spell healing
a: no special abilities


You were on level 1 of the Dungeon.
You were not hungry.

You visited 1 branch of the dungeon, and saw 1 of its levels.

Inventory:

Hand Weapons
 a - a +0 whip (weapon)
Armour
 b - a +1 robe (worn)
 c - a +1 hat (worn)
 d - a +1 pair of boots (worn)
Jewellery
 g - an uncursed ring of flight {unknown}
   (You found it on level 1 of the Dungeon)
Scrolls
 e - a scroll of magic mapping
Miscellaneous
 f - a dusty tome


   Skills:
 + Level 1.0 Fighting
 - Level 1.2 Maces & Flails
 - Level 3.0 Dodging
 - Level 3.6 Stealth


You couldn't memorise any spells.
You didn't know any spells.
Your spell library was empty.

Dungeon Overview and Level Annotations

Branches:
Dungeon (1/12)

Altars:


Innate Abilities, Weirdness & Mutations

You do not eat or drink.
You are immune to poison.
Your flesh is cold resistant. (rC+)
Your body sometimes deteriorates upon taking damage.
You are immune to negative energy. (rN+++)
You are immune to unholy pain and torment.
You can survive without breathing.
When hurt, damage is shared between your health and your magic reserves.
Your movements are slightly less encumbered by armour. (ER -2)
Casting spells heals you.


Message History

g - a coral ring A worm comes into view.
A bat comes into view.
The helpless worm fails to defend itself.
You hit the worm.
The worm is moderately wounded.
You hit the worm.
The worm is moderately wounded.
The bat hits you but does no damage. The worm barely misses you.
You hit the worm but do no damage.
The worm is moderately wounded.
The bat barely misses you.
You hit the worm.
The worm is heavily wounded.
The bat hits you but does no damage. The worm bites you.
You hit the worm.
The worm is severely wounded.
The bat barely misses you. The worm bites you!
Ouch! That really hurt!
You die...

##. # .. #.#. #### #
#.#.# #..
#.#....##.##########
#...................#..#
#.....b........# .#..#
#....@####..##.##.#..#
##..w## #..>........[
#### ##.##.##.....
#.##.##.....
#.......####
####.#..#iOM #......#d≈≈
#....<.#x≈≈
#........#M≈≈


You could see a worm and a bat.

Vanquished Creatures (others)
  A draconian (D:1)
  An elf (D:1)
  A spriggan (D:1)
  A vampire (D:1)
  An ogre (D:1)
  A centaur (D:1)
  2 mummies (D:1)
  An orc (D:1)
9 creatures vanquished.

Notes
Turn   | Place    | Note
-------+----------+-------------------------------------------
     0 | D:1      | Flugslaktarn the Skeleton Archaeologist began the quest for
                  | the Orb.
     0 | D:1      | Reached XP level 1. HP: 12/12 MP: 1/1
     0 | D:1      | Noticed a spriggan
     0 | D:1      | Noticed an ogre
     0 | D:1      | Noticed an elf
     0 | D:1      | Noticed a draconian
     0 | D:1      | Noticed a vampire
     0 | D:1      | Noticed an octopode
     0 | D:1      | Noticed a kraken
     0 | D:1      | Noticed a centaur
     0 | D:1      | Noticed a ghoul
     0 | D:1      | Noticed a centaur
     3 | D:1      | Killed a centaur
     4 | D:1      | Killed an elf
     8 | D:1      | Killed an ogre
    12 | D:1      | Killed a vampire
    14 | D:1      | Killed a spriggan
    17 | D:1      | Killed a draconian
    20 | D:1      | Slain by a worm

Action                   || total
-------------------------++-------
Melee: Whip              ||     5
 Stab: Sleeping          ||     1
Armor: Robe              ||     2
Dodge: Dodged            ||     3
